 Dungeon Crawl Stone Soup version 0.28.0-53-g5a82cb258f (webtiles) character file.

Game seed: 16159081446463529980

36 Logoto the Conjurer (level 3, -5/26 HPs)
             Began as a Draconian Conjurer on Aug 13, 2022.
             Killed from afar by Terence (9 damage)
             ... with a puff of flame
             ... on level 1 of the Dungeon.
             The game lasted 00:04:16 (1120 turns).

Logoto the Conjurer (Draconian Conjurer)            Turns: 1120, Time: 00:04:17

Health: -5/26      AC:  5    Str: 11    XL:     3   Next: 19%
Magic:  3/6        EV: 12    Int: 18    God:
Gold:   48         SH:  0    Dex:  9    Spells: 3/6 levels left

rFire   . . .      SeeInvis .   a - +3 whip
rCold   . . .      Faith    .   (no shield)
rNeg    . . .      Spirit   .   (armour unavailable)
rPois   .          Reflect  .   (helmet restricted)
rElec   .          Harm     .   (no cloak)
rCorr   .          Rampage  .   (no gloves)
Will    .....                   (no boots)
Stlth   ++........              (no amulet)
HPRegen 0.08/turn               (no ring)
MPRegen 0.10/turn               (no ring)

@: no status effects
A: AC +5, unfitting armour, cold-blooded
a: no special abilities


You were on level 1 of the Dungeon.
You visited 1 branch of the dungeon, and saw 2 of its levels.

You collected 48 gold pieces.

Inventory:

Hand Weapons
 a - a +3 whip (weapon)
Missiles
 d - 5 datura-tipped darts
Jewellery
 c - a ring of wizardry
Scrolls
 b - a scroll of fog {unknown}
Potions
 e - a potion of heal wounds {unknown}


   Skills:
 + Level 0.1 Maces & Flails
 + Level 2.2 Dodging
 + Level 2.0 Stealth
 + Level 2.0 Spellcasting
 + Level 4.7 Conjurations


You had 3 spell levels left.
You knew the following spells:

 Your Spells              Type           Power      Damage    Failure   Level
a - Magic Dart            Conj           72%        1d6       2%          1
b - Searing Ray           Conj           36%        2d5       4%          2

Your spell library contained the following spells:

 Spells                   Type           Power      Damage    Failure   Level
 Dazzling Flash           Conj/Hex       20%        N/A       21%         3
 Fulminant Prism          Conj/Hex       5%         3d7       56%         4
 Iskenderun's Mystic Bla  Conj/Tloc      10%        2d4       56%         4


Dungeon Overview and Level Annotations

Branches:
Dungeon (2/15)

Altars:

Shops:
D:1 ::(

Annotations:
D:1 Terence


Innate Abilities, Weirdness & Mutations

Your plain brown scales are hard. (AC +5)
You cannot fit into any form of body armour.
You are cold-blooded and may be slowed by cold attacks.


Message History

You see here an amulet of the acrobat.
You hit the endoplasm.
You kill the endoplasm!
An endoplasm comes into view.
You hit the bat.
You kill the bat!
Terence completely misses you. The endoplasm misses you.
Terence hits you with a +1 mace of protection.
The endoplasm freezes you.
You are frozen.
There is a stone staircase leading up, spattered with blood here.
Terence misses you. The endoplasm freezes you.
You are frozen.
You feel yourself slow down.
You climb upwards.
You feel yourself speed up.
There is a stone staircase leading down here.
You whack the endoplasm!
You kill the endoplasm!
Terence hits you with a +1 mace of protection.
You see here a +0 leather armour.
Terence barely misses you.
Casting: Magic Dart (safe; 2% risk of failure)
Confirm with . or Enter, or press ? or * to list all spells.
Aiming: Searing Ray (safe; 4% risk of failure)
Press: ? - help, Shift-Dir - straight line, f - Terence
Aim: Terence, wielding a +1 mace of protection, wearing a +0 scale mail and carrying a wand of flame (27) (81% to hit)
The searing ray hits Terence but does no damage. (Press . to maintain the ray.) Terence closely misses you.
Terence is nearby!
The searing ray hits Terence.
Terence is lightly wounded.
Terence hits you with a +1 mace of protection.
* * * LOW HITPOINT WARNING * * *
Terence shouts, "Get ready for death!"
Terence zaps a wand.
The puff of flame hits you.
* * * LOW HITPOINT WARNING * * *
Terence zaps a wand.
The puff of flame hits you!
You die...

#.##.# #....# #...####.###
#.##.###...####..##.......
#..........# #...#..#####.
####.####..# #..##.##...##
#.# ##.# #..##.##.<.## #.#
#.# #..##.##...## #># #.#
#...#..##'##.
#.#####.####..##.......
#[.@..@..# #...########
#######..# ##....#####.
#..## ##......... #...##
###.......
##....########.###
#........#####'###
#.................
#(###.#####.#####. #.# #.#
#.......


You could see Terence.

Vanquished Creatures
  2 dart slugs (D:1)
  A ball python (D:1)
  3 bats
  4 endoplasms
  2 giant cockroaches (D:1)
  A goblin (D:1)
  4 hobgoblins (D:1)
  3 jackals (D:1)
  2 kobolds (D:1)
  A frilled lizard (D:1)
  4 rats (D:1)
27 creatures vanquished.

Notes
Turn   | Place    | Note
-------+----------+-------------------------------------------
     0 | D:1      | Logoto the Draconian Conjurer began the quest for the Orb.
     0 | D:1      | Reached XP level 1. HP: 14/14 MP: 3/3
   147 | D:1      | Reached XP level 2. HP: 18/20 MP: 0/5
   228 | D:1      | Found Noof's Weapon Shoppe.
   430 | D:1      | Found Plog's Book Shop.
   496 | D:1      | Learned a level 2 spell: Searing Ray
   808 | D:1      | Found Hiduudot's Book Boutique.
   824 | D:1      | Reached XP level 3. HP: 26/26 MP: 6/6
   957 | D:1      | Found a faded altar of an unknown god.
  1104 | D:2      | Noticed Terence
  1120 | D:1      | Killed from afar by Terence

Illustrated notes

Levels and vault maps discovered:
D:1:      dpeg_arrival_concentric_ovals, layout_loops_ring,
          ebering_ecumenical_altar_mist, serial_shops, nicolae_diamond_shop,
          nicolae_shop_hallway_plus, nicolae_shop_bloodbath_and_beyond
D:2:      layout_rooms, uniq_terence

Skill      XL: |  1  2 |
---------------+-------+-----
Stealth        | 2 |  2.0
Dodging        | 2 |  2.2
Maces & Flails | |  0.1
Spellcasting   | |  2.0
Conjurations   | |  4.7

Action                   || total
-------------------------++-------
Melee: Whip              ||    44
       Tailslap          ||     2
 Cast: Magic Dart        ||    20
       Searing Ray       ||     1
 Stab: Sleeping          ||     1
Armor: Skin              ||     9
Dodge: Dodged            ||    39
